 Dungeon Sprint DCSS version 0.19-a0-320-gcfc3c9c (webtiles) character file.

14 Groucho the Skirmisher (level 2, -18/25 HPs)
             Began as a Demonspawn Monk on May 28, 2016.
             Was a Believer of Hepliaklqana.
             Killed from afar by a deep elf knight (25 damage)
             ... with a stone arrow
             ... in the Dungeon (Sprint V: "Ziggurat Sprint").
             The game lasted 00:02:25 (177 turns).

Groucho the Skirmisher (Demonspawn Monk)             Turns: 177, Time: 00:02:26

Health: -18/25     AC: 29    Str: 14    XL:     2   Next: 31%
Magic:  0/2        EV: -2    Int: 11    God:    Hepliaklqana [**....]
Gold:   0          SH: 26    Dex: 14    Spells: 0 memorised, 1 level left

rFire  . . .     SeeInvis +     i - +14 obsidian axe {chop, +Fly Str+3 SInv *Curse} (curse)
rCold  . . .     Gourm    .     j - +15 Maxwell's patent armour {-Cast -Tele rElec MR+ rCorr}
rNeg   + . .     Faith    .     k - +18 shield of the Gong {rElec rN+ MR+ EV-5}
rPois  .         Spirit   .     (no helmet)
rElec  +         Dismiss  .     (no cloak)
rCorr  +         Reflect  .     (no gloves)
SustAt .         Harm     .     (no boots)
MR     ++...     NoTele   +     (no amulet)
Stlth  .......... NoCast   +    (no ring)
                                (no ring)

@: mesmerised, very resistant to hostile enchantments, extremely unstealthy
A: rough black scales 1
a: Recall Ancestor, Ancestor Identity, Renounce Religion, Evoke Flight


You were in the Dungeon.
You worshipped Hepliaklqana.
Hepliaklqana was pleased with you.
You were not hungry.

You visited 1 branch

Inventory:

Hand Weapons
 i - the cursed +14 obsidian axe (weapon) {chop, +Fly Str+3 SInv *Curse}
   (You found it in the Dungeon)

   It inflicts extra damage upon your enemies.
   It affects your strength (+3).
   It lets you see invisible.
   It lets you fly.
   It may re-curse itself when equipped.
   It has a curse placed upon it.
Armour
 a - a +5 gold dragon armour
 j - the +15 Maxwell's patent armour (worn) {-Cast -Tele rElec MR+ rCorr}
   (You found it in the Dungeon)

   It insulates you from electricity.
   It affects your resistance to hostile enchantments.
   It prevents spellcasting.
   It prevents most forms of teleportation.
   It protects you from acid and corrosion.
 k - the +18 shield of the Gong (worn) {rElec rN+ MR+ EV-5}
   (You found it in the Dungeon)

   It affects your evasion (-5).
   It insulates you from electricity.
   It protects you from negative energy.
   It affects your resistance to hostile enchantments.
Jewellery
 l - a +6 ring of dexterity
 m - a +6 ring of dexterity
 n - a +6 ring of intelligence
 o - a +6 ring of intelligence
 p - a +6 ring of strength
 q - a +6 ring of strength
Wands
 r - a wand of disintegration (7/24)
 s - a wand of iceblast (5/15)
 t - a wand of lightning (5/15)
 u - a wand of acid (5/15)
Scrolls
 h - 4 scrolls of blinking
 y - 4 scrolls of amnesia
 C - 3 scrolls of recharging
 D - 7 scrolls of fog
 E - 5 scrolls of identify
 F - 5 scrolls of remove curse
 G - 2 scrolls of fear
Potions
 c - 10 potions of curing
 d - 10 potions of heal wounds
 e - 6 potions of haste
 f - 7 potions of magic
 g - 3 potions of berserk rage
 v - 2 potions of brilliance
 w - 2 potions of invisibility
 x - 4 potions of resistance
 z - a potion of experience
 A - 5 potions of agility
 B - 5 potions of might
Comestibles
 b - 5 bread rations
 H - 42 fruits
 I - 4 meat rations


   Skills:
 * Level 3.9 Fighting
 * Level 1.5 Axes
 * Level 1.6 Armour
 + Level 3.0 Dodging
 - Level 1.7 Stealth
 * Level 1.6 Shields
 - Level 3.6 Unarmed Combat


You had one spell level left.
You didn't know any spells.

Dungeon Overview and Level Annotations

Branches:
Dungeon (1/1)

Altars:
Ashenzari
Cheibriados
Dithmenos
Elyvilon
Fedhas
Gozag
Hepliaklqana
Kikubaaqudgha
Makhleb
Nemelex Xobeh
Okawaru
Pakellas
Qazlal
Ru
Sif Muna
Trog
Ukayaw
Vehumet
Xom
Yredelemnul
Zin
The Shining One
Beogh
Jiyva
Lugonu


Innate Abilities, Weirdness & Mutations

You are partially covered in rough black scales. (AC +4, Dex -1)


Message History

Unknown command.
You slash the deep elf knight!
The deep elf knight is lightly wounded.
You miss the long sword of electrocution.
Your shield and Maxwell's patent armour prevent you from hitting the fire elemental.
The fire elemental is moderately damaged.
Visions of slaying the fire elemental flood into your mind.
You block the long sword of electrocution's attack.
GONNNNG!
You block the fire elemental's attack.
PTOANNNG!
The deep elf knight hits you but does no damage.
The long sword of electrocution hits you.
* * * LOW HITPOINT WARNING * * *
You block the fire elemental's attack.
PANG!
The deep elf knight gestures at you while chanting.
The stone arrow hits you!
Ouch! That really hurt!
You die...

▓▓▓▓▓▓▓▓▓▓▓▓▓
▓.8©8.▓.8©8.▓
▓.|:[.▓.....▓
▓.....▓.}.=.▓
▓.....▓.....▓
▓.E(e.▓.....▓
▓.e@..▓.....▓
▓.....▓▓▓▓▓▓▓
▓▓▓▓▓▓▓


You could see a deep elf knight, a deep elf mage, a fire elemental and a long
sword of electrocution.

Vanquished Creatures
  A shadow imp (D)
  A white imp (D)
2 creatures vanquished.

Vanquished Creatures (others)
  A knight (D)
1 creature vanquished.

Grand Total: 3 creatures vanquished

Notes
Turn   | Place    | Note
--------------------------------------------------------------
     0 | D        | Groucho the Demonspawn Monk began the quest for the Orb.
     0 | D        | Reached XP level 1. HP: 18/18 MP: 1/1
     8 | D        | Became a worshipper of Hepliaklqana
     8 | D        | Reached * piety under Hepliaklqana
     8 | D        | Reached ** piety under Hepliaklqana
    23 | D        | Found a shimmering altar of Xom.
    24 | D        | Found a burning altar of Makhleb.
    24 | D        | Found an iron altar of Okawaru.
    24 | D        | Found a deep blue altar of Sif Muna.
    24 | D        | Found a radiant altar of Vehumet.
    24 | D        | Found a bloodstained altar of Trog.
    28 | D        | Found a sparkling altar of Nemelex Xobeh.
    29 | D        | Found a roughly hewn altar of Beogh.
    29 | D        | Found a corrupted altar of Lugonu.
    29 | D        | Found a viscous altar of Jiyva.
    29 | D        | Found a white marble altar of Elyvilon.
    29 | D        | Found a blossoming altar of Fedhas.
    29 | D        | Found a snail-covered altar of Cheibriados.
    68 | D        | Remembered your ancestor Centenhua as a knight
   162 | D        | Entered arena 1.
   165 | D        | Reached skill level 1 in Axes
   165 | D        | Reached skill level 1 in Armour
   165 | D        | Reached skill level 1 in Shields
   165 | D        | Gained mutation: You are partially covered in rough black scales. (AC +4, Dex -1) [demonic ancestry]
   165 | D        | Reached XP level 2. HP: 25/25 MP: 2/2
   171 | D        | Entered arena 2.
   171 | D        | Noticed a long sword of electrocution
   171 | D        | Noticed a deep elf knight
   171 | D        | Noticed a deep elf mage
   172 | D        | Noticed a fire elemental
   177 | D        | Killed from afar by a deep elf knight

Vault maps used:
D:        sprint_v

Skill      XL: |  1 |
---------------+----+-----
Axes           | 1 |  1.5
Armour         | 1 |  1.6
Shields        | 1 |  1.6
Dodging        | 3 |  3.0
Fighting       | |  3.9
Stealth        | |  1.7
Unarmed Combat | |  3.6

Action                   || total
-------------------------++-------
Melee: Broad axe         ||     6
Invok: Ancestor Life: Kn ||     1
       Recall Ancestor   ||     1
Armor: Plate armour      ||     8
Block: Shield            ||    16
